 Dungeon Sprint DCSS version 0.28-a0-1395-g4f6bc678fa (webtiles) character file.

Game seed: 12546938199439675355

8300000 HallandMoats the Conqueror (level 27, -5/219 (249) HPs)
             Began as a Formicid Monk on Jan 4, 2022.
             Was the Champion of Makhleb.
             Slain by a meat beast (18 damage)
             ... in the Dungeon (Sprint VIII: "Arena of Blood") on Jan 5, 2022.
             The game lasted 00:03:20 (83 turns).

HallandMoats the Conqueror (Formicid Monk)            Turns: 83, Time: 00:03:21

HP:   -5/219 (249)  AC:  4    Str: 27    XL:     27
MP:   29/51         EV: 24    Int: 13    God:    Makhleb [******]
Gold: 0             SH:  0    Dex: 13    Spells: 74/74 levels left

rFire   . . .      SeeInvis +   f - +∞ Axe of Woe
rCold   . . .      Faith    .   (no shield)
rNeg    . . .      Spirit   .   b - +0 robe
rPois   .          Reflect  .   (helmet unavailable)
rElec   .          Harm     .   (no cloak)
rCorr   .          Rampage  .   (no gloves)
Will    ++...                   (no boots)
Stlth   +++++++++.              (no amulet)
HPRegen 0.46/turn               (no ring)
MPRegen 0.32/turn               (no ring)

@: heavily drained
A: permanent stasis, dig shafts and tunnels, antennae 3, four strong arms
a: Dig, Renounce Religion, Minor Destruction, Lesser Servant of Makhleb, Major
Destruction, Greater Servant of Makhleb


You were in the Dungeon.
You worshipped Makhleb.
Makhleb was exalted by your worship.
You visited 1 branch

Inventory:

Hand Weapons
 a - a +0 hand axe
 f - the +∞ Axe of Woe (weapon)
   (You found it in the Dungeon)
Armour
 b - a +0 robe (worn)
Jewellery
 g - a +100 ring of slaying
 h - a +200 ring of slaying
 i - a +250 ring of slaying
Potions
 c - a potion of curing
 d - a potion of heal wounds
 e - 2 potions of magic


   Skills:
 O Level 27 Fighting
 + Level 24.0(27) Short Blades
 + Level 23.8(27) Long Blades
 O Level 27 Axes
 + Level 24.0(27) Maces & Flails
 + Level 23.8(27) Polearms
 + Level 24.0(27) Staves
 + Level 25.7(27) Slings
 + Level 20.4 Bows
 + Level 23.8 Crossbows
 + Level 23.9(27) Throwing
 + Level 25.7 Armour
 + Level 26.1 Dodging
 O Level 27 Stealth
 O Level 27 Shields
 + Level 23.9 Unarmed Combat
 + Level 24.0 Spellcasting
 + Level 22.1 Conjurations
 O Level 27 Hexes
 + Level 23.9 Summonings
 + Level 23.9 Necromancy
 + Level 22.2 Translocations
 + Level 25.8 Transmutations
 + Level 23.9 Fire Magic
 + Level 23.6 Ice Magic
 + Level 20.4 Air Magic
 O Level 27 Earth Magic
 O Level 27 Poison Magic
 O Level 27 Invocations
 + Level 25.9 Evocations


You had 74 spell levels left.
You didn't know any spells.
Your spell library was empty.

Dungeon Overview and Level Annotations

Branches:
Dungeon (1/1)

Altars:
Makhleb


Innate Abilities, Weirdness & Mutations

You cannot be hasted, slowed, berserked, paralysed or teleported.
You can dig through walls and to a lower floor.
You have a pair of large antennae on your head. (SInv)
Your four strong arms can wield two-handed weapons with a shield.


Message History

You hear a shout! x7
The eight-headed meat hydra appears out of thin air!
An eight-headed meat hydra comes into view.
You hear a shout! x4
The accursed casts a spell at you. Something smites you!
You hear a shout!
The eight-headed meat hydra roars! x2
You see here a ring of see invisible.
Unknown command.
Unknown command.
Unknown command.
Non-targeted abil: Dig
Press: ? - help, Q - select action, (/) - cycle Dir - look around, f - activate
Okay, then.
You extend your mandibles.
You dig through the rock wall.
You feel drained.
You hear a shout! x11
The eight-headed meat hydra calls on the powers of darkness!
The eight-headed meat hydra convulses! x2; Your body is wracked with pain!
* * * LOW HITPOINT WARNING * * *
You dig through the rock wall.
You feel drained.
The meat beast squeals angrily.
You hear a shout! x10
The eight-headed meat hydra calls on the powers of darkness!
The eight-headed meat hydra convulses! x2; Your body is wracked with pain!
* * * LOW HITPOINT WARNING * * *
The accursed gestures at you while chanting.
Something smites you!
* * * LOW HITPOINT WARNING * * *
You dig through the rock wall.
You feel drained.
You hear a shout! x12
You dig through the rock wall.
You feel drained.
You hear a shout! x7
You dig through the rock wall.
You feel drained.
You hear a shout! x5
The eight-headed meat hydra calls on the powers of darkness!
The eight-headed meat hydra convulses!
Your body is wracked with pain!
* * * LOW HITPOINT WARNING * * *
You hear a shout! x2
The meat beast bites you!!
You die...

..##.#............
.........D.........
##....#M....####...
..............#. ..
........{D......
#......{=.......
######D########
##2..## #@#### ###


You could see a meat beast (fast) and an eight-headed meat hydra.

Vanquished Creatures
  2 hell beasts (D)
  3 royal mummies (D)
  10 vampire knights (D)
  21 ogres (D)
  4 two-headed ogres (D)
  3 liches (D)
  47 orcs (D)
  2 skeletal warriors (D)
92 creatures vanquished.

Notes
Turn   | Place    | Note
-------+----------+-------------------------------------------
     0 | D        | Found the +∞ Axe of Woe
     0 | D        | HallandMoats the Formicid Monk began the quest for the Orb.
     0 | D        | Reached XP level 1. HP: 18/18 MP: 1/1
     0 | D        | Noticed a meat berserker
     2 | D        | Noticed a bag of meat
     2 | D        | Noticed a bag of meat
     3 | D        | Noticed a bag of meat
     3 | D        | Noticed a bag of meat
     4 | D        | Became a worshipper of Makhleb the Destroyer
     4 | D        | Reached * piety under Makhleb
     4 | D        | Reached ** piety under Makhleb
     4 | D        | Noticed a bag of meat
     4 | D        | Noticed a bag of meat
     5 | D        | Noticed a meat berserker
     5 | D        | Killed a meat berserker
     5 | D        | Noticed a bag of meat
     6 | D        | Reached skill level 15 in Dodging
     6 | D        | Reached XP level 2. HP: 49/49 MP: 2/2
     6 | D        | Reached XP level 3. HP: 56/56 MP: 3/3
     6 | D        | Reached XP level 4. HP: 63/63 MP: 4/4
     6 | D        | Reached XP level 5. HP: 69/69 MP: 5/5
     6 | D        | Reached XP level 6. HP: 77/77 MP: 6/6
     6 | D        | Reached XP level 7. HP: 83/83 MP: 7/7
     6 | D        | Reached XP level 8. HP: 90/90 MP: 8/8
     6 | D        | Reached XP level 9. HP: 97/97 MP: 9/9
     6 | D        | Reached XP level 10. HP: 104/104 MP: 10/10
     6 | D        | Reached XP level 11. HP: 110/110 MP: 11/11
     6 | D        | Reached XP level 12. HP: 118/118 MP: 12/12
     6 | D        | Noticed a bag of meat
     7 | D        | Noticed a meat berserker
     7 | D        | Noticed a bag of meat
     7 | D        | Noticed a bag of meat
     8 | D        | Killed a bag of meat
     8 | D        | Killed a bag of meat
     8 | D        | Noticed a bag of meat
     8 | D        | Noticed a bag of meat
     8 | D        | Noticed a bag of meat
     9 | D        | Reached XP level 13. HP: 126/126 MP: 12/17
     9 | D        | Killed a bag of meat
     9 | D        | Reached *** piety under Makhleb
     9 | D        | Killed a bag of meat
     9 | D        | Noticed a meat berserker
    10 | D        | Reached skill level 10 in Stealth
    10 | D        | Reached skill level 5 in Shields
    10 | D        | Reached skill level 5 in Hexes
    10 | D        | Reached skill level 5 in Earth Magic
    10 | D        | Reached skill level 5 in Poison Magic
    10 | D        | Reached skill level 5 in Invocations
    10 | D        | Reached XP level 14. HP: 134/134 MP: 12/20
    10 | D        | Noticed a bag of meat
    10 | D        | Killed a bag of meat
    10 | D        | Killed a meat berserker
    10 | D        | Reached **** piety under Makhleb
    10 | D        | Noticed a meat berserker
    10 | D        | Noticed a bag of meat
    10 | D        | Noticed a bag of meat
    11 | D        | Reached skill level 5 in Short Blades
    11 | D        | Reached skill level 5 in Long Blades
    11 | D        | Reached skill level 5 in Maces & Flails
    11 | D        | Reached skill level 5 in Polearms
    11 | D        | Reached skill level 5 in Staves
    11 | D        | Reached skill level 5 in Crossbows
    11 | D        | Reached skill level 5 in Throwing
    11 | D        | Reached skill level 5 in Unarmed Combat
    11 | D        | Reached skill level 5 in Spellcasting
    11 | D        | Reached skill level 5 in Conjurations
    11 | D        | Reached skill level 5 in Summonings
    11 | D        | Reached skill level 5 in Necromancy
    11 | D        | Reached skill level 5 in Translocations
    11 | D        | Reached skill level 5 in Fire Magic
    11 | D        | Reached skill level 5 in Ice Magic
    11 | D        | Reached XP level 15. HP: 142/142 MP: 12/23
    11 | D        | Noticed a meat berserker
    11 | D        | Noticed a large bag of meat
    12 | D        | Noticed a meat berserker
    13 | D        | Noticed a meat berserker
    14 | D        | Reached skill level 5 in Bows
    14 | D        | Reached skill level 5 in Air Magic
    14 | D        | Reached ***** piety under Makhleb
    14 | D        | Noticed a meat berserker
    15 | D        | Reached XP level 16. HP: 152/152 MP: 13/26
    16 | D        | Reached skill level 10 in Poison Magic
    16 | D        | Reached XP level 17. HP: 160/160 MP: 13/28
    16 | D        | Killed a meat berserker
    16 | D        | Killed a meat berserker
    17 | D        | Reached skill level 10 in Slings
    17 | D        | Reached skill level 10 in Shields
    17 | D        | Reached skill level 10 in Hexes
    17 | D        | Reached skill level 10 in Earth Magic
    17 | D        | Reached skill level 10 in Invocations
    17 | D        | Reached skill level 10 in Evocations
    17 | D        | Reached XP level 18. HP: 129/170 MP: 13/31
    17 | D        | Reached ****** piety under Makhleb
    17 | D        | Killed a meat berserker
    18 | D        | Reached skill level 10 in Short Blades
    18 | D        | Reached skill level 10 in Long Blades
    18 | D        | Reached skill level 10 in Maces & Flails
    18 | D        | Reached skill level 10 in Polearms
    18 | D        | Reached skill level 10 in Staves
    18 | D        | Reached skill level 10 in Crossbows
    18 | D        | Reached skill level 10 in Throwing
    18 | D        | Reached skill level 15 in Stealth
    18 | D        | Reached skill level 10 in Unarmed Combat
    18 | D        | Reached skill level 10 in Spellcasting
    18 | D        | Reached skill level 10 in Summonings
    18 | D        | Reached skill level 10 in Necromancy
    18 | D        | Reached skill level 10 in Transmutations
    18 | D        | Reached skill level 10 in Fire Magic
    18 | D        | Reached skill level 10 in Ice Magic
    18 | D        | Killed a meat berserker
    18 | D        | Noticed a large bag of meat
    19 | D        | Reached XP level 19. HP: 154/180 MP: 13/33
    19 | D        | Killed a meat berserker
    20 | D        | Reached skill level 10 in Conjurations
    20 | D        | Reached skill level 10 in Translocations
    21 | D        | Reached XP level 20. HP: 190/190 MP: 14/35
    21 | D        | Killed a large bag of meat
    22 | D        | Reached skill level 10 in Bows
    22 | D        | Reached skill level 10 in Air Magic
    22 | D        | Reached skill level 15 in Poison Magic
    22 | D        | Noticed a large bag of meat
    22 | D        | Noticed a destroyer
    23 | D        | Killed a meat berserker
    24 | D        | Reached XP level 21. HP: 102/199 MP: 14/37
    24 | D        | Killed a large bag of meat
    24 | D        | Killed a large bag of meat
    24 | D        | Noticed a meat berserker
    25 | D        | Reached skill level 15 in Hexes
    25 | D        | Reached skill level 15 in Earth Magic
    25 | D        | Reached skill level 15 in Invocations
    25 | D        | Noticed a destroyer
    26 | D        | Noticed a meat berserker
    27 | D        | Noticed a large bag of meat
    27 | D        | Killed a destroyer
    28 | D        | Reached skill level 15 in Slings
    28 | D        | Reached skill level 15 in Armour
    28 | D        | Reached skill level 15 in Transmutations
    28 | D        | Reached skill level 15 in Evocations
    28 | D        | Reached XP level 22. HP: 126/211 MP: 15/40
    28 | D        | Killed a destroyer
    28 | D        | Noticed a meat berserker
    29 | D        | Reached skill level 27 in Fighting
    29 | D        | Noticed a meat berserker
    30 | D        | Killed a large bag of meat
    30 | D        | Killed a meat berserker
    30 | D        | Noticed a meat berserker
    30 | D        | Noticed a destroyer
    31 | D        | Reached skill level 15 in Staves
    31 | D        | Reached skill level 15 in Unarmed Combat
    31 | D        | Reached skill level 15 in Spellcasting
    31 | D        | Reached skill level 15 in Summonings
    31 | D        | Reached skill level 15 in Necromancy
    31 | D        | Reached skill level 15 in Fire Magic
    31 | D        | Reached skill level 15 in Ice Magic
    31 | D        | Killed a meat berserker
    32 | D        | Reached skill level 15 in Short Blades
    32 | D        | Reached skill level 15 in Long Blades
    32 | D        | Reached skill level 15 in Maces & Flails
    32 | D        | Reached skill level 15 in Polearms
    32 | D        | Reached skill level 15 in Crossbows
    32 | D        | Reached skill level 15 in Throwing
    32 | D        | Reached XP level 23. HP: 204/219 MP: 16/42
    33 | D        | Noticed a destroyer
    34 | D        | Noticed a destroyer
    34 | D        | Killed a destroyer
    36 | D        | Reached skill level 15 in Conjurations
    38 | D        | Reached skill level 15 in Translocations
    38 | D        | Reached XP level 24. HP: 227/227 MP: 18/43
    39 | D        | Noticed a destroyer
    40 | D        | Noticed a destroyer
    41 | D        | Killed a destroyer
    42 | D        | Noticed a destroyer
    43 | D        | Reached XP level 25. HP: 234/234 MP: 19/44
    43 | D        | Noticed a destroyer
    44 | D        | Reached skill level 15 in Bows
    44 | D        | Reached skill level 15 in Air Magic
    44 | D        | Killed a destroyer
    46 | D        | Killed a destroyer
    46 | D        | Killed a destroyer
    47 | D        | Reached XP level 26. HP: 202/242 MP: 19/45
    48 | D        | Noticed a tyrant
    50 | D        | Noticed a destroyer
    50 | D        | Noticed a tyrant
    51 | D        | Noticed an accursed
    52 | D        | Reached XP level 27. HP: 249/249 MP: 20/46
    54 | D        | Killed a destroyer
    55 | D        | Noticed an accursed
    56 | D        | Killed a destroyer
    56 | D        | Killed a tyrant
    56 | D        | Killed a tyrant
    56 | D        | Noticed a tyrant
    57 | D        | Reached skill level 27 in Stealth
    57 | D        | Noticed an accursed
    57 | D        | Killed a destroyer
    58 | D        | Noticed an accursed
    62 | D        | Noticed a meat beast
    63 | D        | Killed a meat beast
    64 | D        | Reached skill level 27 in Axes
    64 | D        | Reached skill level 27 in Poison Magic
    64 | D        | Killed an accursed
    64 | D        | Killed an accursed
    65 | D        | Killed an accursed
    67 | D        | Noticed a meat beast
    70 | D        | Killed a meat beast
    71 | D        | Reached skill level 27 in Shields
    71 | D        | Reached skill level 27 in Hexes
    71 | D        | Reached skill level 27 in Earth Magic
    71 | D        | Reached skill level 27 in Invocations
    71 | D        | Killed a tyrant
    74 | D        | Noticed a meat beast
    83 | D        | Slain by a meat beast

Illustrated notes

Levels and vault maps discovered:
D:        meatsprint

Skill      XL: |  1  2  3  4  5  6  7  8  9 10 11 12 13 14 15 16 17 18 19 20 21 22 23 24 25 26 27 |
---------------+----------------------------------------------------------------------------------+-----
Fighting       | 18 19 20 21 22 23 24 25 26 27 | 27.0
Axes           | 17 18 19 20 21 22 23 24 25 27 | 27.0
Dodging        | 15 16 17 18 19 20 21 22 23 26 | 26.1
Stealth        | 8 9 10 11 12 13 14 15 16 18 19 20 22 23 24 25 27 | 27.0
Short Blades   | 3 4 5 7 9 10 11 12 13 15 16 17 18 19 24 | 24.0
Long Blades    | 3 4 5 7 9 10 11 12 14 15 16 17 18 19 23 | 23.8
Maces & Flails | 3 4 5 7 9 10 11 12 14 15 16 17 18 19 24 | 24.0
Polearms       | 3 4 5 7 9 10 11 12 14 15 16 17 18 19 23 | 23.8
Staves         | 3 4 5 7 9 10 11 12 14 15 16 17 18 19 24 | 24.0
Slings         | 3 4 6 7 8 10 11 12 13 15 16 18 19 20 21 25 | 25.7
Bows           | 2 3 4 5 6 7 8 9 10 11 12 14 15 16 20 | 20.4
Crossbows      | 3 4 5 7 9 10 11 12 13 15 16 17 18 19 23 | 23.8
Throwing       | 3 4 5 7 9 10 11 12 14 15 16 17 18 19 23 | 23.9
Armour         | 3 4 6 7 8 9 11 12 13 15 16 17 18 20 21 25 | 25.7
Shields        | 3 5 6 8 9 10 12 13 14 16 17 19 20 21 23 27 | 27.0
Unarmed Combat | 3 4 5 7 9 10 11 12 14 15 16 17 18 19 23 | 23.9
Spellcasting   | 3 4 5 7 9 10 11 12 14 15 16 17 18 19 24 | 24.0
Conjurations   | 2 3 5 6 7 8 9 10 11 12 14 15 16 17 18 22 | 22.1
Hexes          | 3 5 6 8 9 10 12 13 14 16 17 19 20 21 23 27 | 27.0
Summonings     | 3 4 5 7 9 10 11 12 14 15 16 17 18 19 23 | 23.9
Necromancy     | 3 4 5 7 9 10 11 12 14 15 16 17 18 19 23 | 23.9
Translocations | 2 3 5 6 7 8 9 10 11 12 14 15 16 17 18 22 | 22.2
Transmutations | 3 4 6 7 8 9 11 12 13 15 16 18 19 20 21 25 | 25.8
Fire Magic     | 3 4 5 7 9 10 11 12 14 15 16 17 18 19 23 | 23.9
Ice Magic      | 2 4 5 7 9 10 11 12 14 15 16 17 18 19 23 | 23.6
Air Magic      | 2 3 4 5 6 7 8 9 10 11 12 14 15 16 20 | 20.4
Earth Magic    | 3 5 6 8 9 10 12 13 14 16 17 19 20 21 23 27 | 27.0
Poison Magic   | 4 5 7 9 10 11 13 14 16 17 19 21 22 23 24 27 | 27.0
Invocations    | 3 5 6 8 9 10 12 13 14 16 17 19 20 21 23 27 | 27.0
Evocations     | 3 4 6 7 8 10 11 12 13 15 16 18 20 21 25 | 25.9

Action                   |  1- 3 |  4- 6 |  7- 9 | 10-12 | 13-15 | 16-18 | 19-21 | 22-24 | 25-27 || total
-------------------------+-------+-------+-------+-------+-------+-------+-------+-------+-------++-------
Melee: Executioner's axe |     1 |       |       |     1 |     5 |     4 |     6 |    11 |    23 ||    51
 Abil: Dig               |       |       |       |       |       |       |       |       |     1 ||     1
Armor: Robe              |       |       |       |       |       |       |       |       |     1 ||     1
Dodge: Dodged            |       |       |       |       |       |     1 |     1 |       |       ||     2

Table legend: (Time is in decaauts)
 A = Elapsed time spent in this place.
 B = Non-inter-level travel time spent in this place.
 C = Inter-level travel time spent in this place.
 D = Time resting spent in this place.
 E = Time spent auto-exploring this place.
 F = Levels seen in this place.
 G = Mean time per level.
                   A        B        C        D        E       F      G
               +--------+--------+--------+--------+--------+-----+--------+
         Total |     71 |     71 |      0 |      0 |      0 |   1 |   71.0 |
       Dungeon |     71 |     71 |      0 |      0 |      0 |   1 |   71.0 |
               +--------+--------+--------+--------+--------+-----+--------+

Top non-repeatable levels by time:
       D: 71 daAuts
